Map: 环轨星港

Players

ZooWhaleTail

  • Race: Zerg Zerg
  • League: Master

iGXiGua - Winner!

  • Race: Zerg Zerg
  • League: Master

Event: GPL 2015 - Grand Finals

VOD

Have the link to the VOD?

Description

Time

  • Played on: Jan. 23, 2016, 11:30 p.m.
  • Length: 7:12

All games in this series

Show
View Real Time Build Order
Export as new Build Order

ZooWhaleTail Zerg 

Build Orders: Hatch First 

Get SALT Encoding   

  12  0:01  Drone  
  13  0:12  Overlord  
  13  0:16  Drone  
  14  0:30  Drone x2  
  14  0:34  Drone  
  17  0:51  Hatchery  
  17  0:54  Drone  
  17  0:58  Drone  
  18  1:13  Spawning Pool  
  18  1:15  Drone, Extractor  
  17  1:19  Drone  
  18  1:27  Overlord  
  18  1:39  Drone  
  19  1:59  Evolution Chamber  
  19  2:00  Spine Crawler, Queen  
  19  2:01  Zergling x4  
  21  2:03  Zergling x2  
  20  2:17  Zergling x2  
  21  2:26  Zergling x2  
  22  2:36  Queen  
  24  2:43  Metabolic Boost  
  25  2:51  Drone x3  
  25  2:52  Drone  
  28  2:59  Drone  
  28  3:03  Drone  
  30  3:14  Drone x2  
  30  3:15  Drone x2  
  30  3:17  Drone  
  35  3:24  Overlord  
  35  3:40  Hatchery  
  34  3:49  Evolution Chamber  
  34  3:51  Zergling x6  
  34  3:52  Zergling x2  
  37  3:59  Overlord  
  37  4:00  Zergling x4  
  39  4:04  Zergling x2  
  39  4:06  Zergling x2  
  39  4:08  Zergling x2  
  41  4:20  Zergling x4  
  43  4:28  Overlord  
  43  4:46  Baneling Nest  
  43  4:48  Zergling x18  
  51  4:54  Zergling x8  
  54  5:16  Zergling x2  
  54  5:17  Zergling x6  
  57  5:28  Overlord x2  
  57  5:47  Baneling  
  57  5:48  Baneling x8  
  55  5:52  Zergling x2  
  55  5:54  Zergling x4  
  57  5:57  Baneling  
  57  6:00  Zergling x22  
  67  6:08  Zergling x2  
  67  6:10  Zergling x2  
  64  6:16  Baneling  
  59  6:18  Baneling  
  59  6:19  Zergling x6  
  59  6:20  Zergling x2  
  59  6:24  Zergling x2  
  61  6:30  Zergling x4  
  60  6:33  Zergling x4  
  61  6:42  Zergling x4  
  61  6:44  Baneling  
  61  6:45  Zergling x2  
  61  6:46  Zergling x4  
  66  6:49  Zergling x2  
  66  6:55  Zergling x2  
Show
View Real Time Build Order
Export as new Build Order

iGXiGua Zerg - Winner!

Build Orders: Pool First 

Get SALT Encoding   

  12  0:02  Drone  
  13  0:22  Spawning Pool  
  13  0:26  Drone  
  13  0:29  Drone  
  14  0:38  Overlord  
  14  0:43  Extractor  
  14  0:45  Drone  
  15  1:09  Zergling x6  
  18  1:20  Zergling x2  
  18  1:22  Hatchery  
  18  1:32  Zergling x2  
  19  1:35  Queen  
  21  1:41  Zergling x2  
  22  1:52  Overlord  
  22  2:11  Queen  
  22  2:15  Drone x2  
  23  2:27  Overlord  
  23  2:34  Drone  
  24  2:43  Drone  
  24  2:44  Queen  
  24  2:47  Queen, Drone  
  29  2:53  Drone x2  
  31  2:59  Drone  
  32  3:06  Drone  
  32  3:08  Spine Crawler  
  32  3:09  Drone  
  33  3:15  Drone  
  33  3:16  Drone  
  33  3:18  Drone  
  36  3:20  Drone  
  36  3:26  Drone, Extractor  
  36  3:27  Drone, Extractor  
  36  3:30  Drone  
  36  3:33  Drone  
  38  3:35  Drone  
  38  3:38  Drone  
  38  3:39  Drone  
  41  3:52  Overlord  
  41  3:53  Drone  
  42  3:57  Drone x2  
  42  3:58  Overlord  
  42  3:59  Overlord  
  44  4:11  Lair  
  44  4:12  Drone x3  
  44  4:15  Drone x2  
  50  4:17  Drone  
  50  4:24  Extractor  
  50  4:25  Extractor  
  50  4:27  Metabolic Boost  
  50  4:30  Drone x4  
  52  4:33  Drone  
  52  4:34  Drone  
  52  4:36  Zergling x2  
  55  4:40  Zergling x4  
  55  4:44  Zergling x2  
  58  4:49  Zergling x2  
  59  4:56  Zergling x2  
  59  4:58  Hatchery  
  59  5:02  Zergling x8  
  59  5:05  Zergling x4  
  65  5:15  Spire  
  65  5:18  Drone  
  65  5:19  Drone x2  
  67  5:24  Drone  
  68  5:29  Roach Warren  
  68  5:30  Overlord, Evolution Chamber  
  68  5:35  Spine Crawler  
  65  5:36  Overlord  
  65  5:40  Queen  
  67  5:46  Zergling x2  
  67  5:48  Overlord  
  68  5:53  Zergling x4  
  69  6:02  Overlord x2  
  69  6:03  Overlord  
  67  6:28  Mutalisk x9  
  78  6:33  Mutalisk  
  78  6:34  Drone  
  78  6:39  Zergling x4  
  84  6:40  Zergling x2  
  84  6:46  Mutalisk  
  85  6:47  Zergling x6  
  85  6:50  Zergling x4  
  88  6:54  Zergling x4  
Tags
 
Add a new tag
Caveats
  • Supply blocks, unpowered buildings, or Contaminate may cause inaccurate times.
  • Supply counts are checked every 10 seconds.